 Dungeon Crawl Stone Soup version 0.25.0-46-gbd7b0854d2 (webtiles) character file.

Game seed: 15088387217796774781

104 Gwenloh the Shield-Bearer (level 5, -1/41 HPs)
             Began as a Human Fighter on July 15, 2020.
             Succumbed to kobold's curare-tipped dart
             ... on level 2 of the Dungeon.
             The game lasted 00:06:25 (2365 turns).

Gwenloh the Shield-Bearer (Human Fighter)           Turns: 2365, Time: 00:06:25

Health: -1/41      AC:  8    Str: 16    XL:     5   Next: 7%
Magic:  5/5        EV:  7    Int:  9    God:
Gold:   157        SH:  9    Dex: 13    Spells: 4/4 levels left

rFire    . . .     SeeInvis .   b - +0 hunting sling
rCold    . . .     Gourm    .   c - +0 kite shield
rNeg     . . .     Faith    .   k - +0 scale mail
rPois    .         Spirit   .   (no helmet)
rElec    .         Reflect  .   (no cloak)
rCorr    .         Harm     .   p - +0 pair of gloves
MR       .....                  (no boots)
Stlth    ..........             (no amulet)
HPRegen  0.13/turn              (no ring)
MPRegen  0.09/turn              (no ring)

@: lethally poisoned (-1 -> -11), slowed, very slow
A: no striking features
a: no special abilities


You were on level 2 of the Dungeon.
You were hungry.

You visited 1 branch of the dungeon, and saw 3 of its levels.

You collected 157 gold pieces.

Inventory:

Hand Weapons
 a - a +0 long sword
 b - a +0 hunting sling (weapon)
Missiles
 e - 80 stones (quivered)
 g - 12 poisoned darts
 h - 5 atropa-tipped darts
 m - 3 boomerangs
Armour
 c - a +0 kite shield (worn)
 k - a +0 scale mail (worn)
 p - a +0 pair of gloves (worn)
Jewellery
 d - an uncursed amulet of faith {unknown}
Scrolls
 j - 3 scrolls of teleportation
 l - 2 scrolls of remove curse
 n - a scroll of magic mapping {unknown}
 q - 2 scrolls of immolation {unknown}
 r - a scroll of identify
Potions
 i - a potion of cancellation {unknown}
 o - a potion of degeneration {unknown}
Comestibles
 f - 3 rations


   Skills:
 + Level 3.5 Fighting
 * Level 3.4 Long Blades
 + Level 3.5 Armour
 + Level 3.5 Shields


You had 4 spell levels left.
You didn't know any spells.
Your spell library was empty.

Dungeon Overview and Level Annotations

Branches:
Dungeon (3/15)

Altars:

Annotations:
D:2 Robin


Message History

You are more poisoned.
You have difficulty breathing.
* * * LOW HITPOINT WARNING * * *
You feel as though you will be slow longer.
You see here a curare-tipped dart.
* * * LOW HITPOINT WARNING * * *
You feel sick.
The kobold throws a curare-tipped dart.
You block the curare-tipped dart.
You see here a curare-tipped dart.
* * * LOW HITPOINT WARNING * * *
You feel sick.
* * * LOW HITPOINT WARNING * * *
You feel sick.
There is a stone staircase leading up here.
* * * LOW HITPOINT WARNING * * *
You feel sick.
You climb upwards.
Level annotation: Robin The hobgoblin shouts!
You die...

#.###..# #####(####
#.# #.## #.# #.###g#
##'## #.....#
##...## # #####.##
##.....### #..##
##.......##
##...####.........#
##.......'.........'
#..@..####.........#
#.....# ##.......##
#.....# ##.....###
#.....# #........#
#.....# #.##+###.#
#.#########.##.###.#
#.# #.........##.#
#.# #.###.##......
#.#####.###.#...##.#


You could see a hobgoblin.

Vanquished Creatures
  3 adders (D:2)
  2 oozes (D:1)
  A worm (D:2)
  3 dart slugs
  A leopard gecko (D:2)
  A ball python (D:1)
  2 giant cockroaches
  10 goblins
  9 hobgoblins
  9 kobolds
  9 bats
  2 frilled lizards
  4 rats
56 creatures vanquished.

Notes
Turn   | Place    | Note
-------+----------+-------------------------------------------
     0 | D:1      | Gwenloh the Human Fighter began the quest for the Orb.
     0 | D:1      | Reached XP level 1. HP: 18/18 MP: 1/1
   192 | D:1      | Reached XP level 2. HP: 20/24 MP: 2/2
   553 | D:1      | Reached XP level 3. HP: 28/29 MP: 3/3
  1006 | D:2      | Reached XP level 4. HP: 35/35 MP: 4/4
  1107 | D:2      | Found a faded altar of an unknown god.
  1423 | D:2      | Noticed Robin
  1965 | D:2      | Reached XP level 5. HP: 38/41 MP: 5/5
  2364 | D:3      | HP: 1/41 [poisoned by kobold (curare-tipped dart)]
  2365 | D:2      | Succumbed to kobold's curare-tipped dart

Illustrated notes

Levels and vault maps discovered:
D:1:      dpeg_arrival_rooms_b, layout_loops_ring, minivault_25,
          minmay_pentomino_r2
D:2:      wad_pebble_path, layout_loops_corners,
          chequers_ecumenical_altar_twisty, hex_medium, uniq_robin
D:3:      layout_loops_ring, gammafunk_ghost_cemetery

Skill      XL: |  1  2  3  4 |
---------------+-------------+-----
Long Blades    | 3 |  3.4
Fighting       | |  3.5
Armour         | |  3.5
Shields        | |  3.5

Action                   |  1- 3 |  4- 6 || total
-------------------------+-------+-------++-------
Melee: Long sword        |    77 |    49 ||   126
 Fire: Hunting sling     |    33 |    62 ||    95
Throw: Dart              |     4 |       ||     4
  Use: Scroll            |     2 |     1 ||     3
       Potion            |       |     1 ||     1
  Eat: Chunk             |       |     4 ||     4
Armor: Scale mail        |    41 |    48 ||    89
Dodge: Dodged            |    23 |    23 ||    46
Block: Kite shield       |    44 |    54 ||    98
       Rpst.: Long sword |    10 |     5 ||    15
